 Dungeon Crawl Stone Soup version 0.31-a0-774-g0d66cbabe8 (webtiles) character file.

Game seed: 7618638367216137468

103786 bcImEvil the Nimble (level 16, -15/190 HPs)
             Began as a Human Wanderer on Sept 13, 2023.
             Was the Champion of Cheibriados.
             Demolished by a rockslime (23 damage)
             ... in an ice cave on Sept 17, 2023.
             The game lasted 05:21:21 (36244 turns).

bcImEvil the Nimble (Human Wanderer)               Turns: 36244, Time: 05:21:21

Health: -15/190    AC: 28    Str: 29      XL:     16   Next: 90%
Magic:  0/19       EV:  2    Int: 22 (27) God:    Cheibriados [******]
Gold:   1792       SH:  5    Dex: 35      Spells: 0/20 levels left

rFire   . . .        a - +5 demon whip (venom)
rCold   + . .        (no shield)
rNeg    + + .        U - melded +2 robe {rC+}
rPois   +            z - melded +0 helmet
rElec   .            w - melded +0 cloak
rCorr   .            x - melded +2 pair of gloves
SInv    .            X - melded +1 pair of boots
Will    +....        V - amulet of reflection
Stlth   ++++         t - ring of Ifioziull {rN++ Will+ EV+5 Str-2 Stlth+}
HPRegen 0.51/turn    Z - ring of protection from cold
MPRegen 0.16/turn

%: reflection
@: mighty, tree-form, weak-willed, engulfed, very slow
A: stationary, stasis, torment immunity, boosted hp, agile 1, mutation
resistance 1
a: Renounce Religion, Bend Time, Temporal Distortion, Slouch, Step From Time


You were in an ice cave.
You worshipped Cheibriados.
Cheibriados was exalted by your worship.
You were a tree.
You visited 3 branches of the dungeon, and saw 20 of its levels.
You also visited: Gauntlet and Ice Cave.

You collected 1848 gold pieces.
You spent 56 gold pieces at shops.

Inventory:

Hand Weapons
 a - a +5 demon whip of venom (weapon)
 A - a +0 great sword of flaming
 E - a +2 dagger of electrocution
 S - a +1 glaive of protection
 T - a +3 dire flail of freezing
Missiles
 k - 16 poisoned darts
 p - 8 silver javelins
 y - 15 boomerangs
Armour
 q - a +3 buckler
 w - a +0 cloak (melded)
 x - a +2 pair of gloves (melded)
 z - a +0 helmet (melded)
 L - a +2 robe of positive energy
 U - a +2 robe of cold resistance (melded)
 X - a +1 pair of boots (melded)
Jewellery
 c - a ring of positive energy
 d - a ring of willpower
 j - a +5 ring of evasion
 t - the ring of Ifioziull (left branch) {rN++ Will+ EV+5 Str-2 Stlth+}
   (You found it on level 2 of the Dungeon)

   [ring of evasion]

   EV+5:      It affects your evasion (+5).
   Str-2:     It affects your strength (-2).
   rN++:      It greatly protects you from negative energy.
   Will+:     It increases your willpower.
   Stlth+:    It makes you more stealthy.
 v - a +6 ring of strength
 D - a ring of wizardry
 F - a +4 ring of protection
 K - a ring of flight
 M - a +6 ring of dexterity
 V - an amulet of reflection (around neck)
 Y - an amulet of magic regeneration
 Z - a ring of protection from cold (right branch)
Wands
 b - a wand of flame (39)
 m - a wand of roots (7)
 I - a wand of digging (19)
 Q - a wand of polymorph (26)
Scrolls
 l - 2 scrolls of immolation
 u - 4 scrolls of poison
 B - a scroll of vulnerability
 P - a scroll of torment {unknown}
 R - 2 scrolls of fog {unknown}
 W - a scroll of amnesia {unknown}
Potions
 e - a potion of brilliance {unknown}
 f - 2 potions of cancellation {unknown}
 g - a potion of invisibility {unknown}
 h - a potion of might
 i - 3 potions of mutation
 n - a potion of curing
 s - 2 potions of resistance
 C - a potion of haste {unknown}
 G - a potion of berserk rage {unknown}
 J - a potion of attraction
 N - 2 potions of ambrosia
 O - a potion of lignification
Miscellaneous
 H - a phial of floods (inert) (quivered)


   Skills:
 + Level 12.2 Fighting
 + Level 8.1 Short Blades
 + Level 0.6(5.0) Long Blades
 + Level 4.7(10.3) Axes
 + Level 14.0(14.6) Maces & Flails
 + Level 1.2(4.3) Polearms
 + Level 4.5(10.2) Staves
 + Level 5.8 Ranged Weapons
 + Level 3.6 Throwing
 + Level 2.9 Armour
 + Level 14.7 Dodging
 - Level 1.0 Stealth
 - Level 9.3 Shields
 - Level 2.5 Spellcasting
 - Level 1.0 Hexes
 - Level 1.0 Translocations
 + Level 3.5 Transmutations
 - Level 3.0 Fire Magic
 + Level 1.3 Ice Magic
 - Level 1.0 Air Magic
 + Level 2.5 Poison Magic
 + Level 4.6 Evocations


You couldn't memorise any spells.
You knew the following spells:

 Your Spells              Type           Power      Damage    Failure   Level
a - Foxfire               Conj/Fire      36%        2x1d5     7%          1
b - Volatile Blastmotes   Fire/Tloc      22%        2d11      17%         3
c - Blink                 Tloc           14%        N/A       13%         2
d - Magic Dart            Conj           12%        1d3       13%         1
e - Searing Ray           Conj           6%         2d4       19%         2
f - Dazzling Flash        Conj/Hex       10%        N/A       32%         3
g - Ozocubu's Armour      Ice            8%         N/A       22%         3
h - Ensorcelled Hibernat  Hex/Ice        14%        N/A       12%         2
i - Ignite Poison         Fire/Tmut/Pois 15%        N/A       12%         3

Your spell library contained the following spells:

 Spells                   Type           Power      Damage    Failure   Level
 Shock                    Conj/Air       20%        1d4       11%         1
 Cigotuvi's Dreadful Rot  Necr/Pois/Air  14%        N/A       12%         2
 Jinxbite                 Hex            14%        N/A       13%         2
 Gell's Gravitas          Tloc           7%         N/A       26%         3
 Swiftness                Air            7%         N/A       26%         3
 Teleport Other           Tloc           7%         N/A       26%         3
 Airstrike                Air            3%         2d(1-17)  65%         4
 Manifold Assault         Tloc           7%         N/A       65%         4
 Summon Ice Beast         Ice/Summ       5%         N/A       69%         4
 Anguish                  Hex/Necr       2%         N/A       71%         4
 Fulminant Prism          Conj/Hex       2%         3d5       71%         4
 Dispel Undead            Necr           2%         3d7       78%         4
 Freezing Cloud           Conj/Ice/Air   3%         6-21      95%         5
 Summon Mana Viper        Hex/Summ       4%         N/A       96%         5
 Death Channel            Necr           1%         N/A       100%        6
 Dispersal                Tloc           3%         N/A       100%        6
 Starburst                Conj/Fire      4%         6d4       100%        6
 Monstrous Menagerie      Summ           1%         N/A       100%        7
 Ozocubu's Refrigeration  Ice            4%         4d8       100%        7
 Disjunction              Tloc           3%         N/A       100%        8
 Maxwell's Capacitive Co  Air            3%         ∞         100%        8


Dungeon Overview and Level Annotations

Branches:
Dungeon (14/15)            Temple (1/1) D:4            Lair (5/5) D:10
 Shoals (0/4) Lair:3        Snake (0/4) Lair:3        Slime (0/5) Lair:5
    Orc (0/2) D:10         Vaults (0/5) D:13          IceCv (1/1)
Gauntlet (visited)

Altars:
Ashenzari
Cheibriados
Dithmenos
Elyvilon
Fedhas
Gozag
Hepliaklqana
Kikubaaqudgha
Makhleb
Nemelex Xobeh
Okawaru
Qazlal
Ru
Sif Muna
Trog
Uskayaw
Vehumet
Wu Jian
Xom
Yredelemnul
Zin
The Shining One
Jiyva

Shops:
D:2 =   D:11 *

Annotations:
D:6 1 runed translucent door, Crazy Yiuf, Pikel
D:12 Frances


Innate Abilities, Weirdness & Mutations

You are a tree.
Your roots penetrate the ground, keeping you stationary.
You cannot be teleported.
You are immune to unholy pain and torment.
Your maximum health is greatly increased.
Your equipment is partially melded.
You are agile. (Dex +4, Str/Int -1)
You are somewhat resistant to further mutation.


Message History

* * * LOW HITPOINT WARNING * * *
Your lungs strain for air!
The rockslime hits you!
* * * LOW HITPOINT WARNING * * *
You stumble backwards!
You completely miss the rockslime.
The rockslime is severely wounded.
* * * LOW HITPOINT WARNING * * *
Your lungs strain for air!
Unknown command.
You turn into a tree.
Your +0 cloak melds into your body.
Your +0 helmet melds into your body.
Your +2 pair of gloves melds into your body.
Your +1 pair of boots melds into your body.
Your +2 robe of cold resistance melds into your body.
You feel less resistant to cold.
Your roots penetrate the ground.
The quicksilver ooze hits you.
* * * LOW HITPOINT WARNING * * *
The quicksilver ooze hits you but does no damage.
The rockslime hits you but does no damage.
You block the quicksilver ooze's attack. x2
The rockslime hits you!
* * * LOW HITPOINT WARNING * * *
You feel better.
The quicksilver ooze completely misses you.
The quicksilver ooze hits you but does no damage.
The rockslime hits you!
* * * LOW HITPOINT WARNING * * *
The quicksilver ooze hits you.
You block the quicksilver ooze's attack.
Okay, then.
Casting: Ozocubu's Armour (mildly dangerous; 22% risk of failure)
Confirm with . or Enter, or press ? or * to list all spells.
Okay, then.
Unknown command.
You feel better. The quicksilver ooze hits you. x2
* * * LOW HITPOINT WARNING * * *
You feel your power leaking away. The rockslime hits you!!
You die...

##..##...##....#
##..###..# #...#
#..## #..###..####
#..# ##..##..##.#
#..## #..##.##..##
#...# #..##.~....#
##..####..##......#
.#....##..##...J..#
.##.......##...J♣.#
)=#...##...#...#..#
=[##..##...##.##..#
#.##..##....#.##..#
#.##..##....#.#...#
..#...###...#.#...#
......# ##.......##
......# #.......#
.....## #......##


You could see a rockslime (weak-willed) and a quicksilver ooze.

Vanquished Creatures
  2 azure jellies (IceCv)
  4 quicksilver oozes (IceCv)
  An ironbound preserver (D:13)
  Nessos (Lair:4)
  A minotaur (Gauntlet)
  Josephine (Lair:4)
  A fire dragon (Lair:5)
  Fannar (D:12)
  9 hydras
  An ice dragon (Lair:5)
  2 catoblepae
  4 boulder beetles
  4 centaur warriors
  9 two-headed ogres
  9 death yaks (Lair:4)
  A tengu warrior (D:14)
  Urug (D:12)
  Amaemon (D:9)
  A fire crab (Gauntlet)
  A skyshark (Lair:5)
  8 skeletal warriors
  A swamp dragon (Lair:5)
  2 orange crystal statues (IceCv)
  2 wizards (D:14)
  3 orc knights (D:10)
  A lindwurm (Lair:5)
  2 deep elf pyromancers
  4 cyclopes
  An ugly thing (D:12)
  2 manticores
  Joseph (D:9)
  7 black mambas
  An orange demon (D:9)
  32 elephants
  14 cane toads
  A gargoyle (D:12)
  5 torpor snails (Lair:5)
  An efreet (D:13)
  A freezing wraith (D:12)
  2 kobold demonologists
  4 rime drakes
  8 komodo dragons
  2 tengu conjurers (D:13)
  A meliai (shapeshifter) (D:14)
  A troll (D:11)
  Prince Ribbit (D:7)
  6 hornets (Lair:5)
  Grinder (D:5)
  5 tyrant leeches
  24 blink frogs
  A polar bear (Lair:5)
  29 slime creatures
  A vampire (D:11)
  4 wraiths (Lair:4)
  38 yaks
  A shadow (D:10)
  11 wyverns
  4 basilisks
  6 fire bats (Gauntlet)
  Grum (D:9)
  Menkaure (D:6)
  15 vampire mosquitoes
  2 steam dragons
  An acid dragon (D:10)
  2 swamp worms (Gauntlet)
  14 water moccasins
  A hell hound (Gauntlet)
  4 swamp drakes (Lair:5)
  2 orc warriors (D:10)
  An ice beast (D:8)
  2 great orb of eyes simulacra (IceCv)
  3 black bears
  A sky beast (D:8)
  2 boggarts (D:14)
  27 wolves
  8 centaurs
  8 slime creature simulacra (IceCv)
  2 kobold brigands (D:12)
  Blork the orc (D:4)
  9 bullfrogs
  5 scorpions
  A glowing shapeshifter simulacrum (IceCv)
  10 wights
  20 killer bees
  An electric eel (Lair:4)
  3 hounds
  2 gnoll boudas (D:6)
  4 orc priests
  6 jellies
  5 iguanas
  4 hell rats (Lair:1)
  2 orc wizards (D:4)
  24 gnolls
  8 adders
  2 shadow imps
  2 white imps
  2 ufetubi
  2 worms
  A dart slug (D:3)
  29 orcs
  10 ball pythons
  11 endoplasms
  2 giant cockroaches (D:1)
  7 hobgoblins
  8 jackals
  8 kobolds
  13 quokkas
  4 bats
  6 frilled lizards
  9 goblins
  4 rats
616 creatures vanquished.

Vanquished Creatures (others)
  A human (D:10)
  873 foxfires
874 creatures vanquished.

Grand Total: 1490 creatures vanquished

Notes
Turn   | Place    | Note
-------+----------+-------------------------------------------
     0 | D:1      | bcImEvil the Human Wanderer began the quest for the Orb.
     0 | D:1      | bcImEvil set off with the following items: a +2
                  | quarterstaff, a wand of flame (6), a scroll of butterflies,
                  | a +0 leather armour; and the following spell memorised:
                  | Foxfire; and the following spells available to memorise:
                  | Volatile Blastmotes.
     0 | D:1      | Reached XP level 1. HP: 13/13 MP: 3/3
   332 | D:1      | Reached XP level 2. HP: 19/19 MP: 3/5
   873 | D:1      | Reached XP level 3. HP: 20/24 MP: 3/6
  1076 | D:1      | Learned a level 3 spell: Volatile Blastmotes
  1125 | D:1      | Found a faded altar of an unknown god.
  1800 | D:2      | Identified the ring of Ifioziull {rN++ Will+ EV+5 Str-2
                  | Stlth+}
  1833 | D:2      | Reached skill level 1 in Armour
  1833 | D:2      | Reached XP level 4. HP: 30/30 MP: 3/7
  2253 | D:2      | Found Tuobaqal's Jewellery Shoppe.
  3231 | D:3      | Reached XP level 5. HP: 18/36 MP: 2/8
  3380 | D:3      | Reached skill level 1 in Shields
  3545 | D:3      | Found an iron altar of Okawaru.
  3762 | D:3      | Reached skill level 1 in Ranged Weapons
  4165 | D:3      | Reached skill level 1 in Short Blades
  4165 | D:3      | Reached XP level 6. HP: 24/42 MP: 5/9
  4490 | D:4      | Found a staircase to the Ecumenical Temple.
  4491 | D:4      | Noticed Blork the orc
  5078 | Temple   | Entered the Ecumenical Temple
  5185 | D:4      | Killed Blork the orc
  5186 | D:4      | Reached skill level 1 in Fighting
  5186 | D:4      | Reached skill level 1 in Axes
  5401 | D:4      | Reached skill level 1 in Stealth
  5654 | D:4      | Reached XP level 7. HP: 17/48 MP: 0/10
  5975 | D:5      | Entered Level 5 of the Dungeon
  5995 | D:5      | Reached skill level 1 in Dodging
  6119 | D:5      | Reached skill level 1 in Throwing
  6443 | D:5      | Learned a level 2 spell: Blink
  6465 | D:5      | Noticed Grinder
  6749 | D:5      | Reached XP level 8. HP: 53/56 MP: 9/11
  6762 | D:5      | Found a radiant altar of Vehumet.
  7904 | D:5      | Killed Grinder
  8153 | D:6      | Identified the +1 ring mail "Maraj" {-Tele rElec Str+6}
  8483 | D:6      | Reached XP level 9. HP: 55/64 MP: 8/12
  8880 | D:6      | Noticed Menkaure
  9365 | D:6      | Found a runed translucent door.
  9366 | D:6      | Noticed Crazy Yiuf
  9445 | D:6      | Found a shimmering blue altar of Sif Muna.
  9706 | D:6      | Noticed Pikel
 10165 | D:6      | Killed Menkaure
 10974 | D:7      | Noticed Prince Ribbit
 10987 | D:7      | Killed Prince Ribbit
 11407 | D:8      | Found a shimmering altar of Xom.
 11977 | D:8      | Found a sacrificial altar of Ru.
 12221 | D:8      | Noticed a two-headed ogre
 12398 | D:8      | Reached XP level 10. HP: 29/72 MP: 8/13
 12559 | D:8      | Killed a two-headed ogre
 12560 | D:8      | Reached skill level 5 in Ranged Weapons
 12560 | D:8      | Reached skill level 5 in Dodging
 12560 | D:8      | Reached skill level 5 in Shields
 12560 | D:8      | Reached skill level 1 in Translocations
 12697 | D:8      | Reached skill level 5 in Short Blades
 12848 | D:8      | Learned a level 1 spell: Magic Dart
 12917 | D:9      | Noticed a kobold demonologist
 12937 | D:9      | Noticed a sixfirhy
 12942 | D:9      | Killed a kobold demonologist
 13064 | D:9      | Noticed Grum
 13103 | D:9      | Noticed a two-headed ogre
 13110 | D:9      | Killed a two-headed ogre
 13115 | D:9      | Noticed a two-headed ogre
 13126 | D:9      | Killed a two-headed ogre
 13127 | D:9      | Reached skill level 5 in Fighting
 13496 | D:9      | Noticed Amaemon
 13496 | D:9      | Noticed an orange demon
 13609 | D:9      | Noticed a two-headed ogre
 13632 | D:9      | Found a snail-covered altar of Cheibriados.
 13640 | D:9      | Became a worshipper of Cheibriados the Contemplative
 13716 | D:9      | Killed Grum
 13879 | D:9      | Learned a level 2 spell: Searing Ray
 14028 | D:9      | Reached XP level 11. HP: 72/79 MP: 1/14
 14758 | D:9      | Killed a two-headed ogre
 14837 | D:10     | Entered Level 10 of the Dungeon
 14962 | D:10     | Found a staircase to the Lair.
 14978 | D:10     | Noticed a two-headed ogre
 14989 | D:10     | Killed a two-headed ogre
 15140 | D:10     | Reached * piety under Cheibriados
 15408 | D:10     | Found a glowing silver altar of Zin.
 15679 | D:10     | Found an ancient bone altar of Kikubaaqudgha.
 15878 | D:10     | Noticed an orc knight
 16710 | D:10     | Noticed an orc knight
 16828 | D:9      | Killed Amaemon
 16997 | D:9      | Noticed Joseph
 17032 | D:9      | Killed Joseph
 17284 | D:10     | Killed an orc knight
 17336 | D:10     | Killed an orc knight
 17337 | D:10     | Reached XP level 12. HP: 88/88 MP: 2/15
 17707 | D:10     | Reached ** piety under Cheibriados
 17870 | D:10     | Reached skill level 1 in Maces & Flails
 17940 | D:10     | Found a staircase to the Orcish Mines.
 18088 | D:10     | Found an opulent altar of Gozag.
 18678 | D:11     | Noticed a skeletal warrior
 18678 | D:11     | Noticed a skeletal warrior
 18678 | D:11     | Noticed a skeletal warrior
 18678 | D:11     | Noticed a skeletal warrior
 18678 | D:11     | Noticed a skeletal warrior
 18724 | D:11     | Noticed a two-headed ogre
 18732 | D:11     | Killed a two-headed ogre
 18752 | D:11     | Found Zucar's General Store.
 18760 | D:11     | Bought a scroll of identify for 28 gold pieces
 18760 | D:11     | Bought a scroll of identify for 28 gold pieces
 18796 | D:11     | Learned a level 3 spell: Dazzling Flash
 19120 | D:11     | Found a viscous altar of Jiyva.
 19394 | D:11     | Noticed a boulder beetle
 19407 | D:10     | Upgraded the game from 0.31-a0-744-gbc345e7fcb to
                  | 0.31-a0-750-gfe7b580527
 19427 | Lair:1   | Entered Level 1 of the Lair of Beasts
 19574 | Lair:1   | Reached skill level 5 in Maces & Flails
 19811 | Lair:1   | Reached *** piety under Cheibriados
 20222 | Lair:1   | Gained mutation: You are somewhat resistant to further
                  | mutation. [potion of mutation]
 20222 | Lair:1   | Gained mutation: You are agile. (Dex +4, Str/Int -1)
                  | [potion of mutation]
 21055 | Lair:2   | Reached **** piety under Cheibriados
 21081 | Lair:2   | Reached XP level 13. HP: 85/96 MP: 11/16
 21135 | Lair:2   | Noticed an eight-headed hydra
 21221 | Lair:2   | Noticed a four-headed hydra
 21410 | Lair:2   | Noticed a six-headed hydra
 21777 | Lair:2   | Killed a six-headed hydra
 21787 | Lair:2   | Killed an eight-headed hydra
 22365 | Lair:2   | Killed a four-headed hydra
 22535 | Lair:3   | Found a staircase to the Snake Pit.
 22539 | Lair:3   | Noticed an eight-headed hydra
 22668 | Lair:2   | Reached skill level 10 in Dodging
 22807 | Lair:2   | Reached ***** piety under Cheibriados
 22949 | Lair:3   | Noticed a six-headed hydra
 23092 | Lair:3   | Killed an eight-headed hydra
 23285 | Lair:3   | Reached skill level 10 in Maces & Flails
 23462 | Lair:3   | Reached XP level 14. HP: 58/105 MP: 14/17
 24112 | Lair:3   | Found a staircase to the Shoals.
 24908 | Lair:4   | Noticed Nessos
 25896 | Lair:4   | Learned a level 3 spell: Ozocubu's Armour
 25912 | Lair:4   | Killed Nessos
 25912 | Lair:4   | Reached ****** piety under Cheibriados
 26062 | Lair:4   | Noticed Josephine
 26467 | Lair:5   | Entered Level 5 of the Lair of Beasts
 26539 | Lair:5   | Reached skill level 1 in Polearms
 26578 | Lair:5   | Reached skill level 1 in Hexes
 26711 | Lair:5   | Reached XP level 15. HP: 115/115 MP: 13/18
 26977 | Lair:5   | Upgraded the game from 0.31-a0-750-gfe7b580527 to
                  | 0.31-a0-765-g67fe2935dc
 26995 | Lair:5   | Learned a level 2 spell: Ensorcelled Hibernation
 27022 | Lair:5   | Reached skill level 10 in Fighting
 28143 | Lair:5   | Found a viscous altar of Jiyva.
 28144 | Lair:5   | Found a staircase to the Slime Pits.
 28468 | Lair:5   | Found a runed translucent door.
 28497 | Lair:5   | Reached skill level 1 in Ice Magic
 28858 | Lair:5   | Reached skill level 1 in Air Magic
 29715 | Lair:4   | Killed Josephine
 29804 | Lair:4   | Upgraded the game from 0.31-a0-765-g67fe2935dc to
                  | 0.31-a0-771-g505c3d19dc
 30750 | D:12     | Noticed Urug
 30788 | D:12     | Found a gate leading to a gauntlet.
 30802 | Gauntlet | Entered a Gauntlet
 30802 | Gauntlet | Found a transporter.
 30802 | Gauntlet | Found a transporter.
 30803 | Gauntlet | Found a transporter.
 30803 | Gauntlet | Found a transporter.
 30806 | Gauntlet | Found a transporter.
 30858 | Gauntlet | Found a transporter.
 30877 | Gauntlet | Found a transporter.
 30883 | Gauntlet | Found a transporter.
 30891 | Gauntlet | Found a transporter.
 30909 | Gauntlet | Found a transporter.
 30917 | Gauntlet | Found a transporter.
 30934 | Gauntlet | Found a transporter.
 31719 | D:12     | Noticed Frances
 31778 | D:12     | Noticed Fannar
 31797 | D:12     | Reached XP level 16. HP: 117/125 MP: 19/19
 31851 | D:12     | Killed Fannar
 31913 | D:12     | Killed Urug
 32273 | D:12     | Learned a level 3 spell: Ignite Poison
 33058 | D:13     | Reached skill level 1 in Transmutations
 33226 | D:13     | Found a gate to the Vaults.
 33236 | D:13     | Reached skill level 1 in Poison Magic
 33928 | D:14     | Found a frozen archway.
 33952 | IceCv    | Entered an ice cave
 35037 | IceCv    | Upgraded the game from 0.31-a0-771-g505c3d19dc to
                  | 0.31-a0-774-g0d66cbabe8
 35451 | IceCv    | Noticed an azure jelly
 36067 | IceCv    | Noticed an azure jelly
 36099 | IceCv    | Found a viscous altar of Jiyva.
 36099 | IceCv    | Noticed an azure jelly
 36116 | IceCv    | Killed an azure jelly
 36211 | IceCv    | Killed an azure jelly
 36214 | IceCv    | Noticed a rockslime
 36243 | IceCv    | HP: 4/190 [rockslime (16)]
 36244 | IceCv    | Demolished by a rockslime

Illustrated notes

Levels and vault maps discovered:
D:1:      wheals_arrival_linesprint, layout_basic,
          dreamdust_ecumenical_altar_hidden_monk_grotto, st_stairs_5,
          serial_park_tiny_2
D:2:      cheibrodos_helix_gallery, layout_loops_ring, serial_shops, shop,
          minmay_tromino_v2
D:3:      layout_basic, lemuel_tele_altar, st_stairs_1, uniq_robin
D:4:      layout_loops_ring, temple_green, kennysheep_nub, dk_vineyard_1,
          uniq_blork_the_orc
D:5:      layout_basic, vehumet_crystals, serial_co_window_serial,
          co_window_paths_a, co_window_paths_a, co_window_of_opportunity_a,
          co_window_corner_a, co_window_paths_a, co_window_cross_3,
          co_window_of_opportunity_b, co_window_broadway_b,
          co_window_broadway_a, co_window_4corner_a, glass_columns_c,
          uniq_grinder
D:6:      layout_loops_ring, kennysheep_little_box, serial_rivers,
          chequers_serial_rivers_micro_e, chequers_serial_rivers_micro_d,
          chequers_serial_rivers_micro_e, chequers_serial_rivers_micro_c,
          grunt_ministairs_1, minmay_misc_feat_secret_circle, uniq_menkaure,
          uniq_crazy_yiuf_cottage, uniq_pikel
D:7:      layout_basic, uniq_prince_ribbit1
D:8:      layout_gridville, nicolae_ru_path_of_blood, xom_butterflies
D:9:      layout_irregular_city, nicolae_overflow_crystal_walls, uniq_grum,
          uniq_joseph, uniq_amaemon
D:10:     layout_roguey, zin_academy, mainiacjoe_overflow_catwalk,
          tgw_kikubaaqudgha, minmay_lair_entry_grove, david_orc_5,
          corexii_hall_statues_t
D:11:     layout_roguey, serial_shops, shop, minivault_26, jiyva_altar_1
D:12:     layout_irregular_city, gauntlet_entry_generic, uniq_urug, uniq_fannar,
          uniq_frances
D:13:     layout_roguey, skrybe_vaults_entry_preservation
D:14:     nzn_winding_woodlands_cross [nzn_winding_woodlands_5x15_parted,
          nzn_winding_woodlands_5x15_longhouse,
          nzn_winding_woodlands_5x15_cabin,
          nzn_winding_woodlands_5x15_split_checker,
          nzn_winding_woodlands_15x15_boxy_spiral], layout_irregular_city,
          serial_bayou, serial_bayou_lagoon_a, serial_bayou_ford_a,
          serial_bayou_crossing, serial_bayou_lake_a, hex_medium,
          portal_ice_cave_entry_dragon, onia_ninara_dug_in_and_dangerous
Temple:   oiseaux_autumnal_temple
Lair:1:   layout_small_grid, serial_bayou_lagoon_b
Lair:2:   layout_regular_city, serial_bayou_shore_b
Lair:3:   layout_big_grid, minmay_shoals_entry_centaurs, dummy_snake_entry,
          minivault_19
Lair:4:   layout_gridlike, nicolae_lair_grazing_beasts
          [nicolae_sub_lair_graze_edge, nicolae_sub_lair_graze_edge,
          nicolae_sub_lair_graze_edge, nicolae_sub_lair_graze_edge],
          uniq_nessos, uniq_josephine
Lair:5:   guppyfry_lair_end_dragon, layout_layer_cave, wormcave,
          nicolae_slime_entry_slimehenge, grunt_megastairs_2,
          infiniplex_staircase_pool_2, serial_bayou_shore_a,
          lemuel_fruit_fields, lemuel_fruit_tree
IceCv:    ice_cave_hellmonk_azure_passage

Skill      XL: |  1  2  3  4  5  6  7  8  9 10 11 12 13 14 15 16 |
---------------+-------------------------------------------------+-----
Armour         | 1 2 |  2.9
Shields        | 1 2 3 4 7 8 9 |  9.3
Ranged Weapons | 1 2 4 5 |  5.8
Fire Magic     | 3 |  3.0
Short Blades   | 1 2 3 4 5 6 7 8 |  8.1
Fighting       | 1 2 3 4 5 6 7 8 9 11 12 | 12.2
Axes           | 1 2 3 4 |  4.7
Stealth        | 1 |  1.0
Dodging        | 1 3 4 6 8 9 11 12 13 14 | 14.7
Throwing       | 1 2 3 |  3.6
Translocations | 1 |  1.0
Maces & Flails | 6 10 12 13 14 | 14.0
Evocations     | 3 4 |  4.6
Polearms       | 1 |  1.2
Hexes          | 1 |  1.0
Ice Magic      | 1 |  1.3
Air Magic      | 1 |  1.0
Transmutations | 3 |  3.5
Poison Magic   | 2 |  2.5
Long Blades    | |  0.6
Staves         | |  4.5
Spellcasting   | |  2.5

Action                     |  1- 3 |  4- 6 |  7- 9 | 10-12 | 13-15 | 16-18 || total
---------------------------+-------+-------+-------+-------+-------+-------++-------
  Melee: Quarterstaff      |    12 |       |       |       |       |       ||    12
         Short sword       |    41 |     1 |       |       |       |       ||    42
         Dagger            |       |    66 |   204 |   238 |   108 |     8 ||   624
         Rapier            |       |    33 |       |       |       |       ||    33
         Hand axe          |       |    38 |    13 |     5 |    19 |       ||    75
         Demon whip        |       |       |       |   194 |   998 |   424 ||  1616
         Trident           |       |       |       |       |    10 |       ||    10
         Great sword       |       |       |       |       |       |     9 ||     9
   Fire: Sling             |       |    19 |    60 |     6 |       |       ||    85
  Throw: Stone             |     9 |     3 |     6 |     1 |       |       ||    19
         Dart              |     1 |     7 |     9 |     2 |     4 |    14 ||    37
         Boomerang         |       |       |     1 |     4 |       |       ||     5
         Throwing net      |       |       |       |     1 |       |       ||     1
         Javelin           |       |       |       |       |     4 |     4 ||     8
   Cast: Foxfire           |    42 |    82 |   187 |    86 |    51 |    41 ||   489
         Volatile Blastmot |       |       |     3 |    12 |       |     2 ||    17
         Blink             |       |       |     1 |     2 |     4 |     2 ||     9
         Searing Ray       |       |       |       |    64 |    62 |    19 ||   145
         Magic Dart        |       |       |       |    15 |    43 |    17 ||    75
         Dazzling Flash    |       |       |       |       |    23 |     1 ||    24
         Ozocubu's Armour  |       |       |       |       |     1 |     2 ||     3
         Ensorcelled Hiber |       |       |       |       |     4 |     4 ||     8
         Ignite Poison     |       |       |       |       |       |    35 ||    35
  Evoke: Wand              |       |       |       |    13 |    32 |       ||    45
         Phial of floods   |       |       |       |       |       |     1 ||     1
    Use: Scroll            |       |     1 |    15 |     8 |    20 |     6 ||    50
         Potion            |       |       |     1 |     1 |     5 |     6 ||    13
   Stab: Sleeping          |       |     9 |     4 |     5 |     9 |     6 ||    33
         Held in net/web   |       |       |       |     2 |       |       ||     2
         Invisible         |       |       |       |    11 |    29 |       ||    40
         Paralysed         |       |       |       |       |     4 |       ||     4
         Petrified         |       |       |       |       |     6 |       ||     6
 Armour: Leather armour    |    31 |    64 |       |       |       |       ||    95
         Robe              |       |    10 |    89 |   139 |   233 |   122 ||   593
         Skin              |       |       |       |       |       |    10 ||    10
  Dodge: Dodged            |    27 |    92 |   161 |   357 |   909 |   360 ||  1906
  Block: Buckler           |    14 |    31 |   107 |   373 |   946 |   288 ||  1759
         Reflection        |       |       |     1 |     3 |     7 |    24 ||    35
         Other             |       |       |       |       |       |    17 ||    17

Table legend: (Time is in decaauts)
 A = Elapsed time spent in this place.
 B = Non-inter-level travel time spent in this place.
 C = Inter-level travel time spent in this place.
 D = Time resting spent in this place.
 E = Time spent auto-exploring this place.
 F = Levels seen in this place.
 G = Mean time per level.
                   A        B        C        D        E       F      G
               +--------+--------+--------+--------+--------+-----+--------+
         Total |  43615 |  41369 |   2246 |  12088 |  14980 |  22 | 1982.5 |
       Dungeon |  25044 |  23766 |   1278 |   7234 |   9873 |  14 | 1788.9 |
        Temple |     83 |     32 |     51 |      0 |      0 |   1 |   83.0 |
          Lair |  14580 |  13664 |    916 |   3422 |   5067 |   5 | 2916.0 |
      Ice Cave |   2862 |   2862 |      0 |   1209 |     40 |   1 | 2862.0 |
      Gauntlet |   1043 |   1043 |      0 |    222 |      0 |   1 | 1043.0 |
               +--------+--------+--------+--------+--------+-----+--------+

Top non-repeatable levels by time:
  Lair:5: 4235 daAuts
    D:10: 3937 daAuts
  Lair:4: 3080 daAuts
  Lair:2: 3001 daAuts
   IceCv: 2862 daAuts
     D:9: 2540 daAuts
     D:6: 2487 daAuts
  Lair:1: 2169 daAuts
    D:11: 2105 daAuts
  Lair:3: 2093 daAuts
     D:5: 2014 daAuts
     D:3: 1899 daAuts
    D:12: 1819 daAuts
     D:1: 1727 daAuts
     D:8: 1483 daAuts
